cohdb
Replays
Latest Replays
All Replays
Popular Replays
Top Player Replays
Match Explorer
How It Works
Community
CoH3 Stats
Reddit
Sign in to upload your games and track your stats! →
Sign in with Steam
Match 45992174
Unlisted
Match 45992174
Overview
Messages
Build Orders
End
Kettenkrad Recon Vehicle
Construct Infanterie Kompanie
Selects Terror Battlegroup
Selects Machine Gun Camouflage
MG 42 Machine Gun Team
MG 42 Machine Gun Team
Grenadier Squad
GrW 34 Mortar Team
Construct Luftwaffe Kompanie
Support Elements
MG 42 Machine Gun Team
Wirbelwind Flakpanzer
Jäger Squad
Selects Contempt for the Weak
Side Skirts
GrW 34 Mortar Team
Construct Panzergrenadier Kompanie
Pioneer Squad
Nebelwerfer 42 Rocket Launcher Team
StuG III G Assault Gun
251 Medium Carrier
Pioneer Squad
Selects Propaganda Leaflet Drop
Selects V1 Rocket Strike
Propaganda Leaflet Drop
Wirbelwind Flakpanzer
StuG III G Assault Gun
Pioneer Squad
Propaganda Leaflet Drop
V1 Rocket Strike
Construct Panzer Kompanie
Selects No Quarter
251 Medium Carrier
V1 Rocket Strike
Pioneer Squad
Pak 40 Anti-tank Gun Team
Propaganda Leaflet Drop
Sturmpanzer IV Brummbär
Pioneer Squad
StuG III G Assault Gun
251 Medium Carrier
Propaganda Leaflet Drop
Pioneer Squad
Guderian ITA
Fajolada
keluteaimier
12tkadyd
0
0
Comments
sign in to comment!
No comments posted yet!